 Dungeon Crawl Stone Soup version 0.26-a0-30-g56b8cd3df0 (webtiles) character file.

Game seed: 7449146886980551972, levelgen mode: deterministic

1284 vurker the Magician (level 8, -1/66 HPs)
             Began as a Demigod Wizard on May 29, 2020.
             Shot with an arrow by a centaur (9 damage)
             ... on level 6 of the Dungeon.
             The game lasted 00:11:19 (8471 turns).

vurker the Magician (Demigod Wizard)                Turns: 8471, Time: 00:11:19

Health: -1/66      AC:  6    Str: 10    XL:     8   Next: 8%
Magic:  25/29      EV: 12    Int: 26    God:
Gold:   212        SH:  0    Dex: 14    Spells: 14/19 levels left

rFire    . . .     SeeInvis .   u - +1 dagger
rCold    . . .     Gourm    .   (no shield)
rNeg     + . .     Faith    .   a - +0 robe
rPois    .         Spirit   .   b - +0 hat
rElec    .         Reflect  .   x - scarf {harm}
rCorr    .         Harm     .   y - +2 pair of gloves
MR       .....                  n - +0 pair of boots
Stlth    ++........             j - amulet of magic regeneration
HPRegen  0.21/turn              l - ring of magical power
MPRegen  0.46/turn              g - ring of positive energy

@: no status effects
A: high mp 1
a: no special abilities


You were on level 6 of the Dungeon.
You were hungry.

You visited 1 branch of the dungeon, and saw 6 of its levels.
You also visited: Sewer.

You collected 212 gold pieces.

Inventory:

Hand Weapons
 u - a +1 dagger (weapon)
   (You took it off a kobold on level 1 of the Dungeon)
Armour
 a - a +0 robe (worn)
 b - a +0 hat (worn)
 n - a +0 pair of boots (worn)
   (You found it on level 4 of the Dungeon)
 x - a scarf of harm (worn)
   (You found it on level 5 of the Dungeon)
 y - a +2 pair of gloves (worn)
   (You found it on level 5 of the Dungeon)
Jewellery
 g - a ring of positive energy (right hand)
   (You found it on level 5 of the Dungeon)
 j - an amulet of magic regeneration (around neck)
   (You found it on level 2 of the Dungeon)
 l - a ring of magical power (left hand)
   (You found it on level 2 of the Dungeon)
Wands
 c - a wand of disintegration (14)
   (You found it on level 5 of the Dungeon)
 d - a wand of iceblast (12)
   (You found it on level 5 of the Dungeon)
 C - a wand of clouds (3)
   (You found it on level 6 of the Dungeon)
Scrolls
 i - a scroll of enchant weapon
 s - a scroll of remove curse
 t - a scroll of enchant armour {unknown}
 v - a scroll of amnesia {unknown}
 w - a scroll of identify
 z - a scroll of summoning {unknown}
 A - a scroll of teleportation {unknown}
 B - a scroll of immolation
Potions
 f - a potion of lignification
 h - 3 potions of curing
 k - 2 potions of brilliance {unknown}
 m - a potion of mutation
 o - 8 potions of heal wounds
 p - a potion of flight {unknown}
 q - 2 potions of stabbing {unknown}
 r - a potion of magic {unknown}
Comestibles
 e - 11 rations


   Skills:
 + Level 3.8 Fighting
 - Level 1.7 Dodging
 - Level 1.7 Stealth
 * Level 6.0 Spellcasting
 * Level 5.8 Conjurations
 - Level 0.8 Summonings
 - Level 0.8 Translocations


You had 14 spell levels left.
You knew the following spells:

 Your Spells              Type           Power        Failure   Level  Hunger
a - Magic Dart            Conj           ####         1%          1    None
b - Call Imp              Summ           ##......     8%          2    None
w - Blink                 Tloc           N/A          8%          2    None

Your spell library contained the following spells:

 Spells                   Type           Power        Failure   Level  Hunger
 Apportation              Tloc           ##....       4%          1    None
 Summon Small Mammal      Summ           ##..         4%          1    None
 Conjure Flame            Conj/Fire      ###.....     6%          3    None
 Animate Skeleton         Necr           N/A          7%          1    None
 Corona                   Hex            #......      7%          1    None
 Mephitic Cloud           Conj/Pois/Air  ###.....     10%         3    None
 Slow                     Hex            #.......     11%         2    None


Dungeon Overview and Level Annotations

Branches:
Dungeon (6/15)              Sewer (visited)
 Temple: D:4-7

Annotations:
D:6 3 runed translucent doors, emiel's ghost, amateur FoSk


Innate Abilities, Weirdness & Mutations

You have an increased reservoir of magic. (+10% MP)


Message History

There is an escape hatch in the floor here.
Found 10 gold pieces.
You now have 212 gold pieces (gained 10).
You open the door.
There is an open door here.
Things that are here:
a +0 giant spiked club; an ogre skeleton Some of the chunks of flesh in your inventory have rotted away.
There is an escape hatch in the ceiling here.
There is an open door here.
The water moccasin hisses angrily.
Emiel's ghost says, "First you will suffer, then you will die."
The ogre shouts!
You hear a shout!
Emiel's ghost says, "Your head would complement my pike nicely."
All of the chunks of flesh in your inventory have rotted away.
You are feeling hungry.
Found a blossoming altar of Fedhas.
A centaur comes into view.
The centaur shouts!
The centaur wields a +0 shortbow.
The centaur shoots an arrow.
The arrow barely misses you.
You see here an arrow.
A centaur is nearby!
A centaur is nearby!
Aim: a centaur, wielding a +0 shortbow and quivering 22 arrows The magic dart hits the centaur.
The centaur shoots an arrow.
The arrow hits you.
Aim: a centaur, wielding a +0 shortbow and quivering 21 arrows (lightly wounded)
The magic dart hits the centaur.
The centaur shoots an arrow.
The arrow hits you!
The centaur shoots an arrow.
The arrow hits you!
Aim: a centaur, wielding a +0 shortbow and quivering 19 arrows (lightly wounded)
The magic dart hits the centaur!
The centaur shoots an arrow.
The arrow hits you.
Aim: a centaur, wielding a +0 shortbow and quivering 18 arrows (heavily wounded)
The magic dart hits the centaur but does no damage.
The centaur shoots an arrow.
The arrow hits you.
Aim: a centaur, wielding a +0 shortbow and quivering 17 arrows (heavily wounded)
The magic dart hits the centaur.
The centaur shoots an arrow.
The arrow hits you!
The centaur shoots an arrow.
The arrow hits you.
* * * LOW HITPOINT WARNING * * *
Aim: a centaur, wielding a +0 shortbow and quivering 15 arrows (severely wounded)
The magic dart hits the centaur but does no damage.
The centaur shoots an arrow.
The arrow hits you!
* * * LOW HITPOINT WARNING * * *
Aim: a centaur, wielding a +0 shortbow and quivering 14 arrows (severely wounded)
The magic dart hits the centaur.
The centaur shoots an arrow.
The arrow hits you!
* * * LOW HITPOINT WARNING * * *
The centaur shoots an arrow.
The arrow hits you!
You die...

###.#########.# #..#...#
#.# # #...........#
##.##### #.# #
############# #.# #.## #
#.#########... #
#..##.......## ##### ###
##.##.###..##≈ '...#
....##### #..#.#####.≈≈
###.#
#.....######.#..###≈≈≈≈ #
#.#
.#+.....@..........#≈≈≈#≈
# #.#
PP.....(######..###.≈≈≈≈≈
# #.#
.PP.........###.###≈≈≈≈≈≈
#<#
PcPP.######......#≈≈#≈≈≈≈
#.#


.PPP #.......≈≈≈≈≈≈≈ #.# P #........≈≈≈≈≈≈ #.# #.......≈≈≈≈≈≈≈ #.#
#########[≈≈≈≈≈≈≈ #.# #.......#.#≈≈≈≈≈≈ You could see a centaur.

Vanquished Creatures
  Sigmund (D:2)
  An orc warrior (D:3)
  A big kobold (Sewer)
  2 bullfrogs
  A scorpion (D:4)
  A howler monkey (D:4)
  2 electric eels (D:6)
  A crimson imp (D:5)
  2 hounds (D:6)
  An orc priest (D:4)
  An orc wizard (D:3)
  A hound skeleton (D:5)
  7 gnolls
  A howler monkey skeleton (D:5)
  10 adders
  4 river rats (Sewer)
  A shadow imp (D:6)
  An ooze (D:4)
  3 worms
  9 dart slugs
  4 leopard geckos
  5 orcs
  12 bats
  4 giant cockroaches
  A goblin (D:1)
  3 hobgoblins (D:1)
  17 kobolds
  A quokka (D:3)
  7 ball pythons
  6 frilled lizards
  A leopard gecko zombie (D:6)
  A quokka skeleton (D:5)
  36 rats
149 creatures vanquished.

Vanquished Creatures (collateral kills)
  2 ogres
  A big kobold (Sewer)
  Natasha (thrice) (D:2)
  A worker ant (D:4)
  A worm (D:2)
  A frilled lizard (D:4)
  2 kobolds (Sewer)
  A rat (D:2)
12 creatures vanquished.

Grand Total: 161 creatures vanquished

Notes
Turn   | Place    | Note
-------+----------+-------------------------------------------
     0 | D:1      | vurker the Demigod Wizard began the quest for the Orb.
     0 | D:1      | Reached XP level 1. HP: 14/14 MP: 6/6
    44 | D:1      | Reached skill level 1 in Conjurations
   313 | D:1      | Reached XP level 2. HP: 5/22 MP: 0/8
   662 | D:1      | Reached skill level 3 in Spellcasting
  1344 | D:2      | Noticed Sigmund
  1350 | D:1      | Learned a level 2 spell: Call Imp
  1353 | D:1      | Learned a level 2 spell: Blink
  1364 | D:2      | Killed Sigmund
  1364 | D:2      | Reached skill level 1 in Fighting
  1364 | D:2      | Reached XP level 3. HP: 13/28 MP: 0/10
  1364 | D:2      | Reached XP level 4. HP: 16/35 MP: 0/12
  2111 | D:2      | Reached XP level 5. HP: 41/41 MP: 5/13
  2247 | D:2      | Found a bloodstained altar of Trog.
  2249 | D:2      | Found a sacrificial altar of Ru.
  2261 | D:2      | Found a radiant altar of Vehumet.
  2303 | D:2      | Noticed Natasha
  2538 | D:2      | Killed Natasha
  2751 | D:2      | Found a glowing golden altar of the Shining One.
  2799 | D:2      | Reached skill level 4 in Spellcasting
  3033 | D:2      | Noticed Natasha
  3061 | D:2      | Killed Natasha
  3219 | D:2      | Noticed Natasha
  3238 | D:2      | Killed Natasha
  3641 | D:2      | Found a glowing golden altar of the Shining One.
  3695 | D:2      | Found a bloodstained altar of Trog.
  3697 | D:2      | Found a radiant altar of Vehumet.
  3699 | D:2      | Found a sacrificial altar of Ru.
  4300 | D:3      | Reached XP level 6. HP: 48/48 MP: 15/15
  5404 | D:4      | Reached XP level 7. HP: 23/56 MP: 17/17
  5657 | D:4      | Reached skill level 5 in Spellcasting
  5817 | D:4      | Found a shadowy altar of Dithmenos.
  6185 | D:5      | Entered Level 5 of the Dungeon
  6244 | D:5      | Found a glowing drain.
  6276 | Sewer    | Entered a sewer
  6590 | Sewer    | Reached skill level 5 in Conjurations
  7900 | D:6      | Reached XP level 8. HP: 61/66 MP: 20/20
  7957 | D:6      | Noticed a freezing wraith
  7961 | D:6      | Noticed emiel's ghost (amateur FoSk)
  7970 | D:6      | Found a runed translucent gate.
  7970 | D:6      | Found a runed translucent gate.
  7970 | D:6      | Found a runed translucent gate.
  8217 | D:6      | Reached skill level 6 in Spellcasting
  8462 | D:6      | Found a blossoming altar of Fedhas.
  8471 | D:6      | Shot with an arrow by a centaur

Illustrated notes

Levels and vault maps discovered:
D:1:      sevenhm_arrival_forest_fort_large_4, layout_loops_ring,
          serial_bayou_pond_c, minmay_pentomino_p2
D:2:      layout_basic, tso_altar, grunt_temple_overflow_open,
          serial_bayou_pond_b, uniq_sigmund, uniq_natasha
D:3:      layout_basic, first_ration
D:4:      layout_layer_cave, serial_bayou_pond_c,
          grunt_dithmenos_smoke_and_mirrors
D:5:      layout_gridville, cheibrodos_sewer_entry_drain
D:6:      kennysheep_slugbush, layout_basic, fedhas_bush_and_centaur_altar,
          gammafunk_ghost_split, uniq_pikel

Skill      XL: |  1  2  3  4  5  6  7  8 |
---------------+-------------------------+-----
Conjurations   | 1 2 3 4 5 |  5.8
Spellcasting   | 3 4 5 6 |  6.0
Fighting       | 1 2 3 |  3.8
Dodging        | |  1.7
Stealth        | |  1.7
Summonings     | |  0.8
Translocations | |  0.8

Action                   |  1- 3 |  4- 6 |  7- 9 || total
-------------------------+-------+-------+-------++-------
Melee: Dagger            |    21 |    25 |     5 ||    51
 Cast: Magic Dart        |    46 |   157 |   214 ||   417
       Call Imp          |     3 |    28 |     7 ||    38
  Use: Scroll            |       |     4 |    10 ||    14
  Eat: Chunk             |     1 |     9 |     9 ||    19
       Ration            |       |     1 |       ||     1
Armor: Robe              |     4 |    11 |    10 ||    25
Dodge: Dodged            |    20 |    70 |    37 ||   127

Table legend:
 A = Non-vault XP
 B = Vault XP
 C = Vault XP percentage of total XP
 D = Non-vault monster count
 E = Vault monster count
 F = Vault count percentage of total count
                 A         B        C        D         E       F
            +---------+---------+-------+---------+---------+-------
      Total |    1321 |     514 |  28.0 |      96 |      65 |  40.4
            +---------+---------+-------+---------+---------+-------
        D:1 |      31 |       3 |   8.8 |      18 |       2 |  10.0
        D:2 |     144 |     162 |  52.9 |      24 |       5 |  17.2
        D:3 |     266 |       0 |   0.0 |      21 |       0 |   0.0
        D:4 |     375 |       0 |   0.0 |      15 |       0 |   0.0
        D:5 |      97 |       5 |   4.9 |       6 |       3 |  33.3
        D:6 |     408 |      28 |   6.4 |      12 |       7 |  36.8
      Sewer |       0 |     316 | 100.0 |       0 |      48 | 100.0
            +---------+---------+-------+---------+---------+-------
